 Dungeon Crawl Stone Soup version 0.21-a0-480-g5da0f0d (webtiles) character file.

11517 Kurtz the Thaumaturge (level 12, -3/59 HPs)
             Began as a Kobold Ice Elementalist on Nov 22, 2017.
             Was a Follower of Vehumet.
             Killed by Ozocubu's Refrigeration
             ... invoked by Fannar
              (15 damage)
             ... on level 10 of the Dungeon.
             The game lasted 00:42:30 (18894 turns).

Kurtz the Thaumaturge (Kobold Ice Elementalist)    Turns: 18894, Time: 00:42:33

Health: -3/59      AC: 10    Str:  5    XL:     12   Next: 8%
Magic:  24/27      EV: 18    Int: 28    God:    Vehumet [*.....]
Gold:   267        SH:  0    Dex: 17    Spells: 19/34 levels left

rFire    . . .     SeeInvis .   t - +1 rapier (protect)
rCold    . . .     Gourm    .   (shield restricted)
rNeg     . . .     Faith    .   u - +1 leather armour "Nuweoh" {Int+3}
rPois    +         Spirit   .   f - +2 helmet
rElec    .         Reflect  .   S - scarf {cloud immunity}
rCorr    .         Harm     .   K - +0 pair of gloves
MR       +....     Rnd*Rage +   H - +1 pair of boots of Yhaec {rPois Int+5}
Stlth    ++++......             A - amulet of magic regeneration
HPRegen  0.19/turn              o - ring of stealth
MPRegen  0.45/turn              (no ring)

@: no status effects
A: small, berserk 1, carnivore 3, magic resistance 1
a: Renounce Religion


You were on level 10 of the Dungeon.
You worshipped Vehumet.
Vehumet was aware of your devotion.
You were very full.

You visited 2 branches of the dungeon, and saw 11 of its levels.
You also visited: Sewer.

You collected 661 gold pieces.
You spent 394 gold pieces at shops.

Inventory:

Hand Weapons
 b - a +0 rapier
 g - a +1 spear
 l - a +0 blowgun
 t - a +1 rapier of protection (weapon)
 P - a +2 scimitar of flaming
Missiles
 m - 33 poisoned needles
 N - 4 throwing nets (quivered)
Armour
 f - a +2 helmet (worn)
 u - the +1 leather armour "Nuweoh" (worn) {Int+3}
   (You found it on level 6 of the Dungeon)

   It affects your intelligence (+3).
 H - the +1 pair of boots of Yhaec (worn) {rPois Int+5}
   (You bought it in a shop on level 6 of the Dungeon)

   It affects your intelligence (+5).
   It protects you from poison.
 K - a +0 pair of gloves (worn)
 M - a +1 cloak
 S - a scarf of cloud immunity (worn)
Jewellery
 o - a ring of stealth (left hand)
 A - an amulet of magic regeneration (around neck)
 C - an uncursed amulet of rage
Wands
 i - a wand of flame (42) {v}
 n - a wand of disintegration (12)
 v - a wand of clouds (5)
 y - a wand of iceblast (9)
 T - a wand of acid (4)
Scrolls
 e - 5 scrolls of teleportation
 j - 2 scrolls of immolation
 p - a scroll of holy word {unknown}
 r - 3 scrolls of fear
 s - 3 scrolls of enchant weapon
 B - 4 scrolls of blinking {unknown}
 D - 2 scrolls of magic mapping
 G - 2 scrolls of remove curse
 L - a scroll of noise {unknown}
 R - 3 scrolls of identify
Potions
 a - 2 potions of flight {unknown}
 d - 5 potions of heal wounds
 h - a potion of berserk rage {unknown}
 k - 3 potions of mutation
 q - 4 potions of might {unknown}
 w - a potion of cancellation {unknown}
 x - 5 potions of curing
 z - a potion of lignification {unknown}
 E - a potion of magic
 F - a potion of haste
 I - 4 potions of brilliance {unknown}
Books
 O - a book of Cantrips

   Spells                             Type                      Level
   a - Confusing Touch                Hexes                        1
   b - Animate Skeleton               Necromancy                   1
   c - Summon Small Mammal            Summoning                    1
   d - Apportation                    Translocation                1
Comestibles
 c - 5 meat rations
 J - 6 royal jellies


   Skills:
 * Level 6.6 Dodging
 * Level 6.3 Stealth
 * Level 11.7 Spellcasting
 * Level 7.0 Conjurations
 * Level 11.0 Ice Magic


You had 19 spell levels left.
You knew the following spells:

 Your Spells              Type           Power        Failure   Level  Hunger
a - Freeze                Ice            ####         1%          1    None
b - Throw Frost           Conj/Ice       ######       1%          2    None
c - Ozocubu's Armour      Chrm/Ice       #####...     1%          3    None
d - Throw Icicle          Conj/Ice       ######..     1%          4    None
e - Summon Ice Beast      Ice/Summ       #####...     6%          4    None
f - Sting                 Conj/Pois      ####         1%          1    None


Dungeon Overview and Level Annotations

Branches:
Dungeon (10/15)            Temple (1/1) D:7             Orc (0/2) D:10
   Lair: D:8-11

Altars:
Ashenzari
Cheibriados
Dithmenos
Elyvilon
Fedhas
Gozag
Hepliaklqana
Kikubaaqudgha
Makhleb
Nemelex Xobeh
Okawaru
Qazlal
Ru
Sif Muna
Trog
Uskayaw
Vehumet
Wu Jian
Xom
Yredelemnul
Zin
The Shining One

Shops:
D:4 *   D:6 %==([

Annotations:
D:6 exclusion: 2 downstairs
D:10 Fannar


Innate Abilities, Weirdness & Mutations

You are small and have problems with some larger weapons.
You are carnivorous and can eat meat at any time.
You tend to lose your temper in combat.
You are resistant to hostile enchantments. (MR+)


Message History

The ice beast hits your ice beast but does no damage.
Casting: Freeze
Confirm with . or Enter, or press ? or * to list all spells.
Aiming: Throw Icicle
Press: ? - help, Shift-Dir - straight line, f/p - Fannar
Aim: Fannar, wielding a quarterstaff of freezing, wearing a robe of cold resistance and wearing a ring of ice (moderately wounded, covered in an icy film)
The shard of ice hits Fannar.
Fannar partially resists.
Fannar is moderately wounded.
Your ice beast disappears in a puff of smoke!
Your ice beast closely misses Fannar.
Aiming: Cloud Cone (will waste charges)
Press: ? - help, Dir - move target cursor, f - ice beast, p - Fannar
Aim: an ice beast (black smoke, summoned)
You create a blast of flame!
Your ice beast hits Fannar but does no damage.
Fannar is engulfed in blazing flames.
Fannar's icy armour evaporates.
Fannar casts a spell.
Fannar drains the heat from the surrounding environment!
You feel very cold.
You die...

.####....#..#.# .#.#
.# #.#.......# ...#
.####...####### ...#
........#....# ...#
.#####..#.#######...#
........'.##........#
........#..#.#...#..#
...#....####.Y......#
#..#..#......§e§@...#
.........##.§#Y§##..#
............§Y§.....#
...#..#.....§§§.....#
......#.....§§......#
....................#
#####################


You could see Fannar, 2 ice beasts and a friendly ice beast.

Vanquished Creatures
  Harold (D:10)
  A centaur warrior (D:8)
  3 two-headed ogres (D:8)
  The ghost of isock the Spear-Bearer, a novice GnWn of Wu Jian (D:7)
  Joseph (D:7)
  Maurice (D:8)
  Psyche (D:10)
  2 trolls
  A hippogriff (D:5)
  A human (D:7)
  A yak (D:7)
  The ghost of isock the Skirmisher, an amateur GnWn (D:4)
  A hog (D:7)
  Grum (D:8)
  2 hungry ghosts (D:8)
  Duvessa (D:7)
  A black bear (D:9)
  An orc warrior (D:6)
  3 ice beasts
  A phantom (D:10)
  4 sky beasts
  4 ogres
  2 necrophages
  2 wolves (D:8)
  3 centaurs
  A crocodile (D:6)
  2 big kobolds (D:10)
  9 bullfrogs
  A gnoll sergeant (D:8)
  Dowan (D:7)
  A water moccasin zombie (D:9)
  2 scorpions (D:5)
  4 wights
  A centaur zombie (D:10)
  2 crimson imps (D:8)
  A quasit (D:8)
  2 hounds
  A jelly (D:9)
  4 bullfrog skeletons
  5 orc priests
  7 orc wizards
  3 iguanas
  7 worker ants
  A hound skeleton (D:7)
  A worker ant zombie (D:5)
  Robin (D:3)
  17 adders
  11 gnolls
  2 shadow imps
  18 oozes
  A worm (D:2)
  2 dart slugs
  12 leopard geckos
  29 orcs
  7 ball pythons
  4 bats
  15 giant cockroaches
  14 goblins
  8 hobgoblins
  4 jackals
  4 quokkas
  16 frilled lizards
  2 hobgoblin zombies
  15 kobolds
  A kobold zombie (D:4)
  An orc zombie (D:4)
  16 rats
297 creatures vanquished.

Vanquished Creatures (collateral kills)
  Erica (D:8)
  2 hogs (D:7)
  An ogre (D:8)
  A phantom (D:8)
  A centaur (D:8)
  Blork the orc (D:6)
  A wight (D:7)
  A gnoll shaman (D:8)
  2 jellies (D:1)
  Crazy Yiuf (D:3)
  A mummy (D:4)
  2 oozes (D:1)
  2 worms (D:1)
  2 orcs
  A jackal (D:1)
  2 kobolds (D:10)
  2 rats (D:1)
24 creatures vanquished.

Vanquished Creatures (others)
  A kobold (D:10)
  4 fungi (D:4)
5 creatures vanquished.

Grand Total: 326 creatures vanquished

Notes
Turn   | Place    | Note
-------+----------+-------------------------------------------
     0 | D:1      | Kurtz the Kobold Ice Elementalist began the quest for the Orb.
     0 | D:1      | Reached XP level 1. HP: 10/10 MP: 3/3
     1 | D:1      | Found a runed door.
    71 | D:1      | Reached XP level 2. HP: 9/15 MP: 0/5
   741 | D:1      | Reached XP level 3. HP: 19/19 MP: 4/6
  1225 | D:2      | Learned a level 2 spell: Throw Frost
  1229 | D:2      | Learned a level 3 spell: Ozocubu's Armour
  1526 | D:2      | Reached XP level 4. HP: 24/24 MP: 0/8
  2062 | D:2      | Found a stormy altar of Qazlal.
  2216 | D:2      | Found a shadowy altar of Dithmenos.
  2310 | D:2      | Reached XP level 5. HP: 21/28 MP: 0/10
  2721 | D:3      | Found a glowing drain.
  2735 | D:3      | Learned a level 4 spell: Throw Icicle
  2803 | D:3      | Noticed Robin
  2805 | Sewer    | Entered a sewer
  3479 | Sewer    | Reached XP level 6. HP: 32/32 MP: 5/12
  4009 | Sewer    | Reached skill level 5 in Spellcasting
  4009 | Sewer    | Reached skill level 5 in Ice Magic
  4009 | Sewer    | Reached XP level 7. HP: 5/36 MP: 9/14
  4343 | D:3      | Learned a level 4 spell: Summon Ice Beast
  4539 | D:3      | Killed Robin
  5065 | D:3      | Found a runed door.
  5149 | D:3      | Noticed Crazy Yiuf
  5157 | D:3      | Killed Crazy Yiuf
  5405 | D:4      | Noticed isock's ghost (amateur GnWn)
  5488 | D:5      | Entered Level 5 of the Dungeon
  5508 | D:5      | Got a scorched ring mail
  5519 | D:5      | Identified the cursed +0 ring mail "Ezerghyak" {Int+4} (You found it on level 5 of the Dungeon)
  5700 | D:5      | Found an opulent altar of Gozag.
  6563 | D:5      | Reached XP level 8. HP: 39/41 MP: 9/17
  6589 | D:5      | Gained mutation: You are clumsy. (Dex -2) [mutagenic meat]
  6593 | D:5      | Lost mutation: You are clumsy. (Dex -2) [mutagenic meat]
  6595 | D:5      | Gained mutation: You are resistant to hostile enchantments. (MR+) [mutagenic meat]
  6596 | D:5      | Gained mutation: You tend to lose your temper in combat. [mutagenic meat]
  6597 | D:5      | Gained mutation: You are weak. (Str -2) [mutagenic meat]
  6598 | D:5      | Lost mutation: You are weak. (Str -2) [mutagenic meat]
  7022 | D:6      | Found Vukoupho's Food Shoppe.
  7030 | D:6      | Got a steaming leather armour
  7193 | D:6      | Noticed a hippogriff
  7206 | D:5      | Killed a hippogriff
  8148 | D:4      | Killed isock's ghost
  8666 | D:4      | Noticed a smoke demon
  9246 | D:4      | Found Buhank's Assorted Antiques.
  9254 | D:4      | Bought a bone wand for 84 gold pieces
  9254 | D:4      | Bought a scroll of teleportation for 63 gold pieces
  9737 | D:6      | Found a shattered altar of Ashenzari.
  9879 | D:6      | Found Neosh's Weapon Shoppe.
  9893 | D:6      | Reached XP level 9. HP: 42/45 MP: 8/19
 10055 | D:6      | Found Tiumasyt's Antique Armour Boutique.
 10064 | D:6      | Bought a pair of steaming boots for 247 gold pieces
 10074 | D:6      | Identified the +1 pair of boots of Yhaec {rPois Int+5} (You bought it in a shop on level 6 of the Dungeon)
 10174 | D:6      | Reached skill level 5 in Stealth
 10312 | D:6      | Found Zuthroari's Jewellery Shop.
 10344 | D:6      | Found Hacs's Jewellery Boutique.
 10384 | D:6      | Noticed Blork the orc
 10395 | D:6      | Killed Blork the orc
 10419 | D:6      | Found a basalt altar of Yredelemnul.
 10991 | D:7      | Noticed isock's ghost (novice GnWn)
 11104 | D:6      | Identified the +1 leather armour "Nuweoh" {Int+3} (You found it on level 6 of the Dungeon)
 11819 | D:7      | Killed isock's ghost
 11819 | D:7      | Reached XP level 10. HP: 36/50 MP: 12/23
 12388 | D:7      | Found a sparkling altar of Nemelex Xobeh.
 12388 | D:7      | Noticed Dowan
 12392 | D:7      | Noticed Duvessa
 12444 | D:7      | Killed Duvessa
 12448 | D:7      | Killed Dowan
 12657 | D:7      | Found an ornate altar of the Wu Jian Council.
 12731 | D:7      | Noticed Joseph
 12791 | D:7      | Killed Joseph
 12929 | D:7      | Found a burning altar of Makhleb.
 13113 | D:7      | Found a staircase to the Ecumenical Temple.
 13200 | Temple   | Entered the Ecumenical Temple
 13328 | D:7      | Reached skill level 5 in Conjurations
 13508 | D:7      | Reached skill level 5 in Dodging
 14751 | D:8      | Reached skill level 10 in Spellcasting
 14814 | D:8      | Noticed a two-headed ogre
 14837 | D:8      | Killed a two-headed ogre
 14857 | D:8      | Reached XP level 11. HP: 49/54 MP: 12/25
 14979 | D:8      | Noticed a two-headed ogre
 14980 | D:8      | Noticed a centaur warrior
 15005 | D:8      | Killed a two-headed ogre
 15062 | D:8      | Reached skill level 10 in Ice Magic
 15233 | D:8      | Killed a centaur warrior
 15541 | D:8      | Noticed a two-headed ogre
 15546 | D:8      | Killed a two-headed ogre
 15767 | D:8      | Noticed Grum
 15782 | D:8      | Killed Grum
 15980 | D:8      | Found a white marble altar of Elyvilon.
 16319 | D:8      | Noticed Erica
 16345 | D:8      | Killed Erica
 17013 | D:8      | Noticed Maurice
 17057 | D:8      | Killed Maurice
 17228 | D:9      | Found a radiant altar of Vehumet.
 17231 | D:9      | Became a worshipper of Vehumet
 18021 | D:10     | Entered Level 10 of the Dungeon
 18041 | D:10     | Found a staircase to the Orcish Mines.
 18245 | D:10     | Noticed Harold
 18261 | D:10     | Killed Harold
 18334 | D:10     | Reached XP level 12. HP: 59/59 MP: 11/27
 18422 | D:10     | Reached * piety under Vehumet
 18422 | D:10     | Offered knowledge of Sting by Vehumet.
 18706 | D:10     | Noticed Psyche
 18710 | D:10     | Killed Psyche
 18825 | D:10     | Noticed Fannar
 18841 | D:10     | Learned a level 1 spell: Sting
 18894 | D:10     | Killed from afar by Fannar

Vault maps used:
D:1:      dpeg_arrival_caged_fury, hangedman_abyss_or_decor_lesser_grid,
          corexii_leaking_fountain, minmay_rat_gold_closets
D:2:      lemuel_crystal_altar, serial_bayou, serial_bayou_pond_b,
          serial_bayou_lagoon_a, serial_bayou_ford_a, serial_bayou_shore_b,
          grunt_qazlal_sundering
D:3:      portal_sewer_entry_a, minmay_misc_feat_plants, uniq_robin,
          uniq_crazy_yiuf_cottage
D:4:      serial_aquarium, aquarium_bridge_square,
          aquarium_bridge_long_separate, aquarium_window_1, aquarium_window_1,
          aquarium_window_fake, aquarium_view_2d, aquarium_view_2e,
          aquarium_balcony_3a, serial_shops, nicolae_shop_trees, st_stairs_5,
          minmay_mini_ossuary
D:5:      kennysheep_little_box, first_bread
D:6:      evilmike_ruin_ashenzari, yredelemnul_altar_generic, serial_shops,
          nicolae_shop_waterfront, nicolae_shop_trees, shop_fountains, shop,
          nicolae_shop_trees, nicolae_lava_and_water, amethyst_killhole,
          uniq_blork_the_orc
D:7:      makhleb_blood_cavern_becter, overflow_temple_1_default,
          nemelex_xobeh_ov_fountains_minmay, temple_hall, grunt_livestock,
          grunt_decor_resistance, uniq_joseph, uniq_duvessa
D:8:      elyvilon_altar_5, grunt_potential, uniq_grum, uniq_maurice, uniq_erica
D:9:      kennysheep_mini
D:10:     orc_0_dummy, uniq_psyche, uniq_fannar, uniq_harold
Temple:   cyrus_circular_temple
Sewer:    sewer_frog_island_02

Skill      XL: |  1  2  3  4  5  6  7  8  9 10 11 12 |
---------------+-------------------------------------+-----
Stealth        | 3 4 5 6 |  6.3
Spellcasting   | 3 4 5 6 7 9 10 11 | 11.7
Ice Magic      | 4 5 7 8 9 10 11 | 11.0
Dodging        | 3 4 5 6 |  6.6
Conjurations   | 2 3 4 5 6 7 |  7.0

Action                   |  1- 3 |  4- 6 |  7- 9 | 10-12 || total
-------------------------+-------+-------+-------+-------++-------
Melee: Unarmed           |     6 |       |       |       ||     6
       Spear             |    55 |   143 |   100 |       ||   298
       Rapier            |       |       |       |   108 ||   108
Throw: Throwing net      |       |       |       |     1 ||     1
 Cast: Freeze            |    31 |    56 |    91 |    53 ||   231
       Throw Frost       |     5 |    69 |    71 |    45 ||   190
       Summon Ice Beast  |       |       |    12 |    21 ||    33
       Ozocubu's Armour  |       |       |     5 |    22 ||    27
       Throw Icicle      |       |       |    33 |   141 ||   174
       Sting             |       |       |       |     3 ||     3
Evoke: Wand              |       |       |    10 |     2 ||    12
  Use: Scroll            |       |     4 |     7 |     1 ||    12
       Potion            |       |       |     1 |       ||     1
 Stab: Sleeping          |     6 |       |     1 |     1 ||     8
  Eat: Chunk             |    11 |    10 |    32 |    33 ||    86
Armor: Robe              |     7 |    27 |     2 |       ||    36
       Ring mail         |       |       |    62 |       ||    62
       Leather armour    |       |       |     9 |    81 ||    90
Dodge: Dodged            |    57 |   139 |   114 |   171 ||   481

Table legend:
 A = Spawn XP
 B = Non-spawn XP
 C = Spawn XP percentage of total XP
 D = Spawn monster count
 E = Non-spawn monster count
 F = Spawn count percentage of total count
 G = Total turns spent on level
                    A         B        C        D         E        F      G
               +---------+---------+-------+---------+---------+-------+---------
         Total |       0 |   16454 |   0.0 |       0 |     321 |   0.0 | 18894
               +---------+---------+-------+---------+---------+-------+---------
           D:1 |       0 |     128 |   0.0 |       0 |      36 |   0.0 |  1115
           D:2 |       0 |     108 |   0.0 |       0 |      26 |   0.0 |  1779
           D:3 |       0 |     117 |   0.0 |       0 |      27 |   0.0 |  1505
           D:4 |       0 |     218 |   0.0 |       0 |       7 |   0.0 |  1245
           D:5 |       0 |     751 |   0.0 |       0 |      15 |   0.0 |  2905
           D:6 |       0 |    1087 |   0.0 |       0 |      31 |   0.0 |  1690
           D:7 |       0 |    3443 |   0.0 |       0 |      37 |   0.0 |  2130
           D:8 |       0 |    7025 |   0.0 |       0 |      57 |   0.0 |  3247
           D:9 |       0 |     767 |   0.0 |       0 |       9 |   0.0 |   828
          D:10 |       0 |    2435 |   0.0 |       0 |      24 |   0.0 |   873
         Sewer |       0 |     375 |   0.0 |       0 |      52 |   0.0 |  1514
               +---------+---------+-------+---------+---------+-------+---------
